 Dungeon Crawl Stone Soup version 0.30-a0-250-g41c1d76940 (webtiles) character file.

Game seed: 9031773289041608406

2 IdlyInterested the Firebug (level 1, -1/13 HPs)
             Began as a Demonspawn Wanderer on Oct 12, 2022.
             Slain by a jackal (2 damage)
             ... on level 1 of the Dungeon.
             The game lasted 00:01:16 (74 turns).

IdlyInterested the Firebug (Demonspawn Wanderer)      Turns: 74, Time: 00:01:17

Health: -1/13      AC:  2    Str: 12    XL:     1   Next: 33%
Magic:  0/2        EV: 11    Int: 13    God:
Gold:   6          SH:  0    Dex: 12    Spells: 1/2 levels left

rFire   . . .      SeeInvis .    a - +0 club
rCold   . . .      Faith    .    (no shield)
rNeg    . . .      Spirit   .    c - +0 robe
rPois   .          Reflect  .    (no helmet)
rElec   .          Harm     .    (no cloak)
rCorr   .          Rampage  .    (no gloves)
Will    .....                    (no boots)
Stlth   +.........               (no amulet)
HPRegen 0.22/turn                (no ring)
MPRegen 0.08/turn                (no ring)

@: no status effects
A: no striking features
a: no special abilities


You were on level 1 of the Dungeon.
You visited 1 branch of the dungeon, and saw 1 of its levels.

You collected 6 gold pieces.

Inventory:

Hand Weapons
 a - a +0 club (weapon)
Armour
 c - a +0 robe (worn)
 g - a +0 scale mail
Wands
 d - a wand of flame (3)
Scrolls
 b - a scroll of fear
 e - a scroll of identify {unknown}
 f - a scroll of vulnerability {unknown}


   Skills:
 * Level 0.2 Fighting
 + Level 0.1 Armour
 - Level 1.0 Spellcasting
 * Level 3.0 Conjurations
 - Level 4.5 Fire Magic
 + Level 1.0 Evocations


You had one spell level left.
You knew the following spells:

 Your Spells              Type           Power      Damage    Failure   Level
a - Foxfire               Conj/Fire      40%        2x1d6     6%          1

Your spell library contained the following spells:

 Spells                   Type           Power      Damage    Failure   Level
 Searing Ray              Conj           16%        2d5       12%         2
 Momentum Strike          Conj/Tloc      8%         3d8       22%         2
 Inner Flame              Hex/Fire       6%         N/A       32%         3
 Kindle Blastsparks       Fire/Tloc/Air  8%         2d10      41%         3


Dungeon Overview and Level Annotations

Branches:
Dungeon (1/15)

Altars:


Message History

You barely miss the jackal.
The foxfire hits the jackal.
You kill the jackal!
The foxfire hits the jackal.
The jackal is moderately wounded.
You barely miss the jackal.
The jackal is moderately wounded.
The jackal barks!
The jackal bites you. x2
The jackal attacks as you move away!
The jackal bites you but does no damage.
The jackal bites you. The jackal attacks as you move away!
The jackal barely misses you. The jackal attacks as you move away!
The jackal completely misses you.
The kobold throws a stone.
The stone hits you but does no damage. The jackal barely misses you.
The jackal bites you but does no damage.
The kobold throws a stone.
The stone barely misses you.
Casting: Foxfire (safe; 6% risk of failure)
Press: ? - help, Q - select action, (/) - cycle Dir - look around, f - activate You conjure some foxfire!
The foxfire hits the jackal.
The jackal is moderately wounded.
You miss the jackal.
The jackal is moderately wounded.
The jackal bites you. x2
The jackal bites you but does no damage.
The jackal bites you.
* * * LOW HITPOINT WARNING * * *
You completely miss the jackal.
The jackal is moderately wounded.
The jackal barely misses you. The jackal bites you.
* * * LOW HITPOINT WARNING * * *
Unknown command.
You barely miss the jackal.
The jackal bites you but does no damage.
The jackal closely misses you. The jackal barely misses you.
The jackal closely misses you.
You barely miss the jackal. The jackal closely misses you.
The jackal bites you.
You die...

......'....# #..#
..⌠...###..####..#
.......#....†....#
...⌠...#..###.##.#
≈...............##
...⌠...#...#..#.#
.......#......KB#
..⌠...##.##...#h##
.......#.......h@#
.....#####..######
..#### .... ###
... ##


You could see 2 jackals, a giant cockroach and a kobold.

Vanquished Creatures
  A bat (D:1)
  A jackal (D:1)
2 creatures vanquished.

Vanquished Creatures (others)
  3 foxfires (D:1)
3 creatures vanquished.

Grand Total: 5 creatures vanquished

Notes
Turn   | Place    | Note
-------+----------+-------------------------------------------
     0 | D:1      | IdlyInterested the Demonspawn Wanderer began the quest for
                  | the Orb.
     0 | D:1      | IdlyInterested set off with the following items: a +0 club,
                  | a scroll of fear, a +0 robe, a wand of flame (3); and the
                  | following spell memorised: Foxfire; and the following
                  | spells available to memorise: Searing Ray, Momentum Strike,
                  | Inner Flame, Kindle Blastsparks.
     0 | D:1      | Reached XP level 1. HP: 13/13 MP: 2/2
    74 | D:1      | Slain by a jackal

Illustrated notes

Levels and vault maps discovered:
D:1:      dpeg_arrival_stone_temple_mockup, layout_basic

Action                   || total
-------------------------++-------
Melee: Club              ||     7
 Cast: Foxfire           ||     3
Armor: Robe              ||     7
Dodge: Dodged            ||    12

Table legend: (Time is in decaauts)
 A = Elapsed time spent in this place.
 B = Non-inter-level travel time spent in this place.
 C = Inter-level travel time spent in this place.
 D = Time resting spent in this place.
 E = Time spent auto-exploring this place.
 F = Levels seen in this place.
 G = Mean time per level.
                   A        B        C        D        E       F      G
               +--------+--------+--------+--------+--------+-----+--------+
         Total |     75 |     75 |      0 |      0 |     28 |   1 |   75.0 |
       Dungeon |     75 |     75 |      0 |      0 |     28 |   1 |   75.0 |
               +--------+--------+--------+--------+--------+-----+--------+

Top non-repeatable levels by time:
     D:1: 75 daAuts
